[Event "Austrian Youth-ch U16 Boys 2024"]
[Site "Leibnitz"]
[Date "2024.03.25"]
[Round "3.1"]
[White "Nguyen, Le Minh Phu"]
[Black "Geroe, Leonhard"]
[Result "1/2-1/2"]
[ECO "A06"]
[WhiteElo "2218"]
[BlackElo "2094"]
[Annotator "RC"]
[PlyCount "46"]
[EventDate "2024.03.23"]
[EventType "swiss"]
[EventCountry "AUT"]
[SourceTitle "playchess.com"]
[Source "ChessBase"]
[SourceQuality "1"]
[TimeControl "5400+30"]

1. b3 d5 2. Bb2 c6 3. Nf3 Bg4 4. e3 Nd7 5. Be2 Ngf6 6. O-O e6 7. Ne5 Bxe2 8. Qxe2 Nxe5 9. Bxe5 Bd6 10. f4 O-O 11. c4 Bxe5 12. fxe5 Nd7 13. d4 f6 14. exf6 Rxf6 15. Nd2 Qa5 16. Nf3 dxc4 17. Qxc4 Qd5 18. Rae1 c5 19. Qc2 cxd4 20. exd4 Raf8 21. Qe4 Nb8 22. Qxd5 exd5 23. Re5 Rf5 1/2-1/2

[Event "Austrian Youth-ch U16 Boys 2024"]
[Site "Leibnitz"]
[Date "2024.03.25"]
[Round "3.2"]
[White "Leitgeb, Julian"]
[Black "Gschwandtl, Alexander"]
[Result "1-0"]
[ECO "C77"]
[WhiteElo "2130"]
[BlackElo "1997"]
[Annotator "RC"]
[PlyCount "73"]
[EventDate "2024.03.23"]
[EventType "swiss"]
[EventCountry "AUT"]
[SourceTitle "playchess.com"]
[Source "ChessBase"]
[SourceQuality "1"]
[TimeControl "5400+30"]

1. e4 e5 2. Nf3 Nc6 3. Bb5 a6 4. Ba4 Nf6 5. d3 Bc5 6. c3 b5 7. Bb3 d6 8. Bg5 h6 9. Bh4 Bb6 10. a4 Rb8 11. axb5 axb5 12. Nbd2 g5 13. Bg3 Nh7 14. Nf1 Nf8 15. Ne3 Ng6 16. Nd5 Bd7 17. h4 g4 18. Nd2 h5 19. f4 exf4 20. Nxf4 Nxf4 21. Bxf4 Qf6 22. g3 O-O 23. Qe2 b4 24. Rc1 Be6 25. Ba4 Na7 26. d4 Qg6 27. O-O f5 28. exf5 Bxf5 29. Bb3+ Kh7 30. Bg5 Rbe8 31. Qf2 Nc6 32. Nc4 Ba7 33. Ne3 Be4 34. Qxf8 Rxf8 35. Rxf8 d5 36. Rf6 Qe8 37. Ba4 1-0

[Event "Austrian Youth-ch U16 Boys 2024"]
[Site "Leibnitz"]
[Date "2024.03.25"]
[Round "3.3"]
[White "Schramml, Fabian"]
[Black "Gruenwald, Simon"]
[Result "0-1"]
[ECO "A35"]
[WhiteElo "1894"]
[BlackElo "2117"]
[Annotator "RC"]
[PlyCount "132"]
[EventDate "2024.03.23"]
[EventType "swiss"]
[EventCountry "AUT"]
[SourceTitle "playchess.com"]
[Source "ChessBase"]
[SourceQuality "1"]
[TimeControl "5400+30"]

1. e4 c6 2. d4 d5 3. exd5 cxd5 4. c4 Nf6 5. Nc3 Nc6 6. Nf3 g6 7. cxd5 Nxd5 8. Qb3 Nxc3 9. bxc3 Bg7 10. Bb5 O-O 11. Bxc6 bxc6 12. O-O Be6 13. Qa4 c5 14. Ba3 cxd4 15. cxd4 Bd5 16. Ne5 Re8 17. Rfd1 e6 18. Nc4 Qg5 19. Ne3 Red8 20. Nxd5 Rxd5 21. Bc5 Rxc5 22. dxc5 Bxa1 23. Qc6 Rd8 24. Rxa1 Qd5 25. Qxd5 Rxd5 26. Rc1 Rd7 27. Kf1 Kf8 28. Ke2 Ke7 29. Rb1 Kd8 30. Rb3 Kc7 31. Rh3 h5 32. Rc3 Kc6 33. a3 Rd5 34. Rf3 Rd7 35. Rc3 Rd5 36. Rf3 Rf5 37. Rd3 Rxc5 38. Rd8 Kb6 39. Rb8+ Ka6 40. Rf8 Rc7 41. Rb8 Ka5 42. Rb3 Ka4 43. Rf3 Rd7 44. Ke1 a5 45. Ke2 e5 46. h3 f5 47. Re3 Rd4 48. Rg3 Rd6 49. Re3 e4 50. Rc3 Rb6 51. Rg3 h4 52. Rc3 Rb2+ 53. Ke1 Rb1+ 54. Ke2 Rb2+ 55. Ke1 Rb3 56. Rc6 Kxa3 57. Rxg6 a4 58. Ra6 Rb4 59. Rd6 Kb2 60. Rd2+ Ka1 61. g3 Rb1+ 62. Ke2 Rb2 63. gxh4 a3 64. h5 a2 65. h6 Rxd2+ 66. Kxd2 Kb1 0-1

[Event "Austrian Youth-ch U16 Boys 2024"]
[Site "Leibnitz"]
[Date "2024.03.25"]
[Round "3.4"]
[White "Wu, Chenshan"]
[Black "Groessing, Daniel-Yosuke"]
[Result "1/2-1/2"]
[ECO "E39"]
[WhiteElo "1815"]
[BlackElo "1897"]
[Annotator "NA RC"]
[PlyCount "109"]
[EventDate "2024.03.23"]
[EventType "swiss"]
[EventCountry "AUT"]
[SourceTitle "playchess.com"]
[Source "ChessBase"]
[SourceQuality "1"]
[TimeControl "5400+30"]

1. d4 Nf6 2. c4 e6 3. Nc3 Bb4 4. Qc2 O-O 5. Bg5 c5 6. dxc5 Qa5 7. Bd2 {[%emt 0:02:08] E39: Nimzo-Indian: Classical: 4...c5 5 dxc5 0-0.} Qxc5 8. e3 Qc7 9. Nf3 Nc6 10. Be2 Be7 11. O-O b6 12. Nb5 Qb8 13. Bc3 Bb7 14. Rfd1 d5 15. Bxf6 Bxf6 16. cxd5 Nb4 17. Qd2 Nxd5 18. e4 Nf4 19. Nd6 Nxe2+ 20. Qxe2 Rd8 21. Nxb7 Qxb7 22. Rac1 Rac8 23. h3 g6 24. e5 Be7 25. Qe3 Kg7 26. Ng5 h6 27. Ne4 Rd5 28. Nd6 Rxc1 29. Qxc1 Qd7 30. Rxd5 exd5 31. Qc3 f6 32. Qc8 Qxc8 33. Nxc8 Bc5 34. exf6+ Kxf6 35. Nxa7 Ke5 36. Kf1 Ke4 37. Ke2 g5 38. Nc6 d4 39. a3 d3+ 40. Ke1 d2+ 41. Kxd2 Bxf2 42. Ke2 Bc5 43. Nb4 h5 44. Nd3 Bd4 45. b3 g4 46. hxg4 hxg4 47. a4 Bc3 48. g3 Bd4 49. Nf2+ Kf5 50. b4 Bc3 51. b5 Be5 52. Nh1 Ke4 53. Nf2+ Kd4 54. Nxg4 Bxg3 $11 55. Nf6 1/2-1/2

[Event "Austrian Youth-ch U16 Boys 2024"]
[Site "Leibnitz"]
[Date "2024.03.25"]
[Round "3.5"]
[White "Haselsberger, Armin"]
[Black "Squasi, Ernesto"]
[Result "1/2-1/2"]
[ECO "E19"]
[WhiteElo "1869"]
[BlackElo "1743"]
[Annotator "NA RC"]
[PlyCount "102"]
[EventDate "2024.03.23"]
[EventType "swiss"]
[EventCountry "AUT"]
[SourceTitle "playchess.com"]
[Source "ChessBase"]
[SourceQuality "1"]
[TimeControl "5400+30"]

1. Nf3 Nf6 2. c4 e6 3. g3 b6 4. Bg2 Bb7 5. O-O Be7 6. d4 d6 7. Nc3 Ne4 8. Qc2 Nxc3 9. Qxc3 O-O 10. Re1 f5 {[%emt 0:04:01] E19: Queen's Indian: Old Main Line with 7...Ne4 8 Qc2 Nxc3 8 Qxc3.} 11. h4 h6 12. Ng5 Qc8 13. Bxb7 Qxb7 14. Nxe6 Rf7 15. Qf3 Qxf3 16. exf3 Bf6 {[%emt 0:01:21] [#]} (16... Na6 $16 17. h5 d5) 17. Bd2 ({White should play} 17. Bg5 $1 $18) 17... Nc6 18. Bc3 Re8 19. Re3 Nd8 20. Rae1 (20. Nf4 $142 Rxe3 21. fxe3) 20... Nxe6 21. Rxe6 Rxe6 22. Rxe6 Re7 23. Rxe7 Bxe7 24. d5 $16 Kf7 25. Kf1 g6 26. Ke2 Ke8 27. Ke3 Kf7 28. b4 Ke8 29. h5 Kf7 30. hxg6+ Kxg6 31. g4 a6 32. a4 Bh4 33. Bd4 Be7 34. a5 bxa5 35. bxa5 Kg5 36. Bg7 fxg4 37. fxg4 Kxg4 38. Bxh6 Bf6 39. Kd3 Kf3 40. Be3 Bh4 41. Ba7 Bxf2 42. Bb8 Kf4 43. Bxc7 Ke5 44. Bb6 Be1 45. Bd4+ Kf5 46. Bc3 Bxc3 47. Kxc3 Ke4 48. Kb3 Ke5 49. Kc3 Ke4 50. Kc2 Kd4 51. Kb3 Kc5 1/2-1/2

[Event "Austrian Youth-ch U16 Boys 2024"]
[Site "Leibnitz"]
[Date "2024.03.25"]
[Round "3.6"]
[White "Roessler, Felix"]
[Black "Wimmer, Michael"]
[Result "0-1"]
[ECO "A45"]
[WhiteElo "1879"]
[BlackElo "2143"]
[Annotator "RC"]
[PlyCount "54"]
[EventDate "2024.03.23"]
[EventType "swiss"]
[EventCountry "AUT"]
[SourceTitle "playchess.com"]
[Source "ChessBase"]
[SourceQuality "1"]
[TimeControl "5400+30"]

1. d4 Nf6 2. Bg5 Ne4 3. Bf4 e6 4. f3 Nf6 5. e4 d5 6. Nc3 Bb4 7. e5 Nfd7 8. a3 Bxc3+ 9. bxc3 c5 10. c4 cxd4 11. cxd5 Qa5+ 12. c3 Qxc3+ 13. Bd2 Qc7 14. d6 Qc5 15. f4 Qd5 16. Qc2 Nc6 17. Nf3 Nc5 18. Bb4 Nb3 19. Bc4 Nxa1 20. Qd3 Nc2+ 21. Qxc2 d3 22. Bxd3 Bd7 23. Be4 Nxb4 24. axb4 Qb5 25. Qb3 Rc8 26. Kd2 Rc4 27. Rb1 Rxe4 0-1

[Event "Austrian Youth-ch U16 Boys 2024"]
[Site "Leibnitz"]
[Date "2024.03.25"]
[Round "3.7"]
[White "Nicolussi, Hieronymus"]
[Black "Standhartinger, Joachim"]
[Result "0-1"]
[ECO "C50"]
[WhiteElo "1861"]
[BlackElo "1930"]
[Annotator "RC"]
[PlyCount "41"]
[EventDate "2024.03.23"]
[EventType "swiss"]
[EventCountry "AUT"]
[SourceTitle "playchess.com"]
[Source "ChessBase"]
[SourceQuality "1"]
[TimeControl "5400+30"]

1. e4 e5 2. Nf3 Nc6 3. Bc4 Bc5 4. d3 Nf6 5. Nc3 a6 6. Bg5 h6 7. Bxf6 Qxf6 8. Nd5 Qd8 9. c3 d6 10. d4 Ba7 11. dxe5 Nxe5 12. Nxe5 dxe5 13. Qh5 O-O 14. Qxe5 Re8 15. Qf4 Qd6 16. Qxd6 Rxe4+ 17. Ne3 cxd6 18. O-O-O Bxe3+ 19. fxe3 Rxc4 20. Rxd6 Bf5 21. Rf1 0-1

[Event "Austrian Youth-ch U16 Boys 2024"]
[Site "Leibnitz"]
[Date "2024.03.25"]
[Round "3.8"]
[White "Hellerschmid, Andreas"]
[Black "Maier, Tobias"]
[Result "0-1"]
[ECO "C47"]
[WhiteElo "1827"]
[BlackElo "1893"]
[Annotator "NA RC"]
[PlyCount "56"]
[EventDate "2024.03.23"]
[EventType "swiss"]
[EventCountry "AUT"]
[SourceTitle "playchess.com"]
[Source "ChessBase"]
[SourceQuality "1"]
[TimeControl "5400+30"]

1. e4 e5 2. Nc3 Nf6 3. Nf3 Nc6 4. a3 d6 5. d4 exd4 6. Nxd4 Be7 7. Bb5 Bd7 8. Be3 O-O 9. h3 Re8 (9... Nxd4 $15 10. Qxd4 Bxb5 11. Nxb5 d5) 10. Qd2 ({Günstiger ist} 10. Nf3 $11) 10... Ne5 11. Be2 Bf8 (11... c5 $11 12. Nf3 Qc7) 12. O-O-O a6 13. g4 c5 14. Nf5 Bxf5 15. gxf5 b5 16. Bg5 b4 {[%emt 0:06:41] [#]} 17. Nd5 (17. axb4 $1 $16 cxb4 18. Nd5) 17... bxa3 $11 18. Nxf6+ gxf6 19. Bh6 a2 20. Rdg1+ Kh8 21. Qf4 a1=Q+ 22. Kd2 Qxb2 23. Ke3 Qa5 24. Bd3 Qd4+ 25. Ke2 Nxd3 26. cxd3 Qa2+ 27. Kf1 Qxd3+ 28. Kg2 Qxe4+ 0-1

[Event "Austrian Youth-ch U16 Boys 2024"]
[Site "Leibnitz"]
[Date "2024.03.26"]
[Round "4.1"]
[White "Gruenwald, Simon"]
[Black "Leitgeb, Julian"]
[Result "1/2-1/2"]
[ECO "B48"]
[WhiteElo "2117"]
[BlackElo "2130"]
[Annotator "RC"]
[PlyCount "41"]
[EventDate "2024.03.23"]
[EventType "swiss"]
[EventCountry "AUT"]
[SourceTitle "playchess.com"]
[Source "ChessBase"]
[SourceQuality "1"]
[TimeControl "5400+30"]

1. e4 c5 2. Nf3 Nc6 3. d4 cxd4 4. Nxd4 e6 5. Nc3 Qc7 6. Be3 a6 7. Qf3 Nf6 8. O-O-O Ne5 9. Qg3 b5 10. Bxb5 axb5 11. Ndxb5 Qb8 12. Bf4 d6 13. Rxd6 Nh5 14. Qg5 Bxd6 15. Nxd6+ Qxd6 16. Bxe5 Ra5 17. Nd5 Qd7 18. Bxg7 Rg8 19. Qxh5 exd5 20. Qxh7 Rxg7 21. Qh8+ 1/2-1/2

[Event "Austrian Youth-ch U16 Boys 2024"]
[Site "Leibnitz"]
[Date "2024.03.26"]
[Round "4.2"]
[White "Geroe, Leonhard"]
[Black "Wu, Chenshan"]
[Result "1-0"]
[ECO "C14"]
[WhiteElo "2094"]
[BlackElo "1815"]
[Annotator "RC"]
[PlyCount "49"]
[EventDate "2024.03.23"]
[EventType "swiss"]
[EventCountry "AUT"]
[SourceTitle "playchess.com"]
[Source "ChessBase"]
[SourceQuality "1"]
[TimeControl "5400+30"]

1. e4 e6 2. d4 d5 3. Nc3 Nf6 4. Bg5 Be7 5. e5 Nfd7 6. Bxe7 Qxe7 7. f4 a6 8. Qg4 O-O 9. Nf3 c5 10. Bd3 h6 11. f5 Kh8 12. f6 gxf6 13. Qh4 Kg7 14. Nxd5 Qd8 15. exf6+ Nxf6 16. Nxf6 Qxf6 17. Qe4 Rd8 18. O-O Qf5 19. Qh4 Qd5 20. Ne5 Qxd4+ 21. Qxd4 cxd4 22. Rxf7+ Kh8 23. Bh7 Rg8 24. Bxg8 Kxg8 25. Raf1 1-0

[Event "Austrian Youth-ch U16 Boys 2024"]
[Site "Leibnitz"]
[Date "2024.03.26"]
[Round "4.4"]
[White "Gschwandtl, Alexander"]
[Black "Stickler, Florentin"]
[Result "0-1"]
[ECO "C56"]
[WhiteElo "1997"]
[BlackElo "1885"]
[Annotator "RC"]
[PlyCount "64"]
[EventDate "2024.03.23"]
[EventType "swiss"]
[EventCountry "AUT"]
[SourceTitle "playchess.com"]
[Source "ChessBase"]
[SourceQuality "1"]
[TimeControl "5400+30"]

1. e4 e5 2. Nf3 Nc6 3. d4 exd4 4. Bc4 Nf6 5. e5 d5 6. Bb5 Nd7 7. O-O Be7 8. Bxc6 bxc6 9. Nxd4 Nb8 10. f4 c5 11. Nf3 O-O 12. Nc3 d4 13. Ne4 Bb7 14. Ned2 f6 15. Nc4 Qd5 16. b3 Ba6 17. Qd3 Nd7 18. Re1 Nb6 19. Nxb6 axb6 20. c4 Qc6 21. a4 Bb7 22. Ra2 Rae8 23. Rae2 f5 24. Rf2 Qh6 25. Nd2 Bd8 26. Nf1 Bh4 27. Ng3 Be4 28. Qd2 Bxg3 29. hxg3 Qg6 30. Kf1 Qxg3 31. b4 Qh2 32. bxc5 d3 0-1

[Event "Austrian Youth-ch U16 Boys 2024"]
[Site "Leibnitz"]
[Date "2024.03.26"]
[Round "4.5"]
[White "Standhartinger, Joachim"]
[Black "Haselsberger, Armin"]
[Result "1-0"]
[ECO "B10"]
[WhiteElo "1930"]
[BlackElo "1869"]
[Annotator "RC"]
[PlyCount "41"]
[EventDate "2024.03.23"]
[EventType "swiss"]
[EventCountry "AUT"]
[SourceTitle "playchess.com"]
[Source "ChessBase"]
[SourceQuality "1"]
[TimeControl "5400+30"]

1. e4 c6 2. c4 d5 3. exd5 cxd5 4. cxd5 Nf6 5. Qa4+ Nbd7 6. Nc3 g6 7. Nf3 Bg7 8. Bc4 O-O 9. d3 b6 10. Nd4 Bb7 11. Nc6 Bxc6 12. dxc6 Ne5 13. O-O Qc8 14. Ba6 Qc7 15. Bb7 Nxd3 16. Nb5 Qe5 17. Bxa8 Rxa8 18. Qc4 Nc5 19. Bf4 Qf5 20. c7 e5 21. Rad1 1-0

[Event "Austrian Youth-ch U16 Boys 2024"]
[Site "Leibnitz"]
[Date "2024.03.26"]
[Round "4.6"]
[White "Groessing, Daniel-Yosuke"]
[Black "Raber, Eduard"]
[Result "0-1"]
[ECO "E14"]
[WhiteElo "1897"]
[BlackElo "1768"]
[Annotator "NA RC"]
[PlyCount "100"]
[EventDate "2024.03.23"]
[EventType "swiss"]
[EventCountry "AUT"]
[SourceTitle "playchess.com"]
[Source "ChessBase"]
[SourceQuality "1"]
[TimeControl "5400+30"]

1. d4 b6 2. c4 e6 3. Nc3 Nf6 4. Nf3 Bb7 5. e3 d5 6. Bd3 dxc4 {[%emt 0:00:21] E14: Queen's Indian: Classical Variation (4 e3).} 7. Bxc4 Nbd7 8. O-O Bd6 9. Re1 O-O 10. e4 Bb4 11. Bd3 c5 12. Bg5 h6 13. Bh4 cxd4 14. Nxd4 {[%emt 0:05:09] [#]} Nc5 (14... Ne5 $1 $17 15. Bf1 Ng6) 15. e5 $1 Bxc3 16. bxc3 Qd5 17. f3 (17. Bf1 $1 $11 Nfe4 18. Qg4) 17... Nxd3 18. Qxd3 Nd7 19. Bg3 Rac8 20. a4 Rc5 21. Ra3 Rfc8 22. Qd2 Rc4 23. Re3 a5 24. Qb2 Bc6 25. Nxc6 Qxc6 26. Rd3 Rxa4 27. Rb3 Nc5 28. Rxb6 Nxd3 29. Rxc6 Rxc6 30. Qb8+ Kh7 31. h3 Rxc3 32. Qe8 Ra1+ 33. Kh2 Rcc1 34. Bh4 Nxe5 35. f4 Ng4+ 36. hxg4 Rh1+ 37. Kg3 Ra3+ 38. Kf2 Rxh4 39. Qxf7 Rxg4 40. Qxe6 Rxf4+ 41. Kg1 Rf6 42. Qe4+ Rg6 43. Qf5 a4 44. Qc2 Ra1+ 45. Kh2 a3 46. Qd2 Rb1 47. Qa2 Rb2 48. Qxa3 Rbxg2+ 49. Kh1 Rg1+ $19 (49... R2g3 {setzt Matt} 50. Qa2 Rh3+ 51. Qh2 Rxh2+ 52. Kxh2 Rg5 53. Kh1 Kg6 54. Kh2 Kf5 55. Kh3 Kf4 56. Kh2 Kf3 57. Kh1 Kf2 58. Kh2 Rh5#) 50. Kh2 R6g2+ 0-1

[Event "Austrian Youth-ch U16 Boys 2024"]
[Site "Leibnitz"]
[Date "2024.03.26"]
[Round "4.7"]
[White "Guba, Viktor"]
[Black "Schramml, Fabian"]
[Result "1-0"]
[ECO "B22"]
[WhiteElo "1892"]
[BlackElo "1894"]
[Annotator "NA RC"]
[PlyCount "101"]
[EventDate "2024.03.23"]
[EventType "swiss"]
[EventCountry "AUT"]
[SourceTitle "playchess.com"]
[Source "ChessBase"]
[SourceQuality "1"]
[TimeControl "5400+30"]

1. e4 c5 2. c3 d5 3. exd5 Qxd5 4. d4 Nf6 5. Nf3 e6 6. Na3 Qd8 7. Nc2 Nc6 8. Bd3 cxd4 {[%emt 0:02:53] B22: Sizilianisch (Alapin 2.c3).} 9. Ncxd4 Bc5 10. Be3 Bxd4 11. Nxd4 Nd5 12. Nxc6 bxc6 13. Bc5 Qg5 14. Qf3 Qe5+ 15. Qe4 Qxe4+ 16. Bxe4 Ba6 17. O-O-O f5 18. Bd3 (18. Bc2 $142) 18... Bxd3 19. Rxd3 Kf7 ({Black should try} 19... e5) 20. Rhd1 Rhe8 21. c4 Nf6 22. Rd6 Rac8 23. Bxa7 Ra8 24. Bc5 Rxa2 25. Rxc6 Ra1+ 26. Kc2 Rxd1 27. Kxd1 Rd8+ 28. Ke2 Ne4 29. Be3 Rb8 30. Rb6 Rc8 31. f3 Nf6 32. b3 e5 33. Bd2 e4 34. f4 Rc7 35. Ra6 h6 36. Ra1 Nd7 37. Be3 Ke6 38. Rc1 Nc5 39. Bxc5 Rxc5 40. b4 Rc8 41. Ke3 Rd8 42. Rc3 g5 43. c5 Kd7 44. b5 Kc7 45. fxg5 hxg5 46. g3 Rd1 47. Rb3 Rd5 48. b6+ Kb7 49. c6+ Kb8 50. c7+ Kb7 51. Rc3 1-0

[Event "Austrian Youth-ch U16 Boys 2024"]
[Site "Leibnitz"]
[Date "2024.03.26"]
[Round "4.8"]
[White "Maier, Tobias"]
[Black "Squasi, Ernesto"]
[Result "1-0"]
[ECO "C02"]
[WhiteElo "1893"]
[BlackElo "1743"]
[Annotator "NA RC"]
[PlyCount "103"]
[EventDate "2024.03.23"]
[EventType "swiss"]
[EventCountry "AUT"]
[SourceTitle "playchess.com"]
[Source "ChessBase"]
[SourceQuality "1"]
[TimeControl "5400+30"]

1. e4 e6 2. d4 d5 3. e5 c5 4. c3 Nc6 5. Nf3 Qb6 6. a3 cxd4 7. cxd4 Nge7 8. b4 Nf5 9. Bb2 Bd7 10. g4 Nfe7 {[%emt 0:02:36] 10...Nfe7 scores better than 10...Nh6.} 11. Nc3 Ng6 {[%emt 0:21:38] C02: French: Advance Variation.} 12. Rc1 Rc8 13. Na4 Qd8 14. Nc5 Bxc5 15. Rxc5 b6 $146 ({Predecessor:} 15... f6 16. Bd3 Nf4 17. Bb1 Ne7 18. Rxc8 Qxc8 19. Qc1 Qxc1+ 20. Bxc1 Nfg6 21. Bd3 fxe5 22. Nxe5 Nxe5 23. dxe5 {½-½ Kopica,P (1925)-Baranska,M (1795) POL-chT 2nd League 2019 (5.21)}) 16. Rc3 Nce7 17. b5 O-O 18. h4 Re8 19. h5 Nf8 20. Bd3 Rc7 21. Qd2 Nc8 22. Qf4 Re7 23. Qg5 h6 24. Qf4 Rxc3 25. Bxc3 Re8 26. g5 hxg5 27. Nxg5 f6 28. Nf3 $18 f5 29. h6 g6 30. h7+ Nxh7 31. Qh6 Qe7 32. Rg1 Nf8 33. Bb4 Qg7 34. Bxf8 Kxf8 35. Qxg6 Qxg6 36. Rxg6 Kf7 37. Rf6+ Ke7 38. Ng5 Rg8 39. f4 Rh8 40. Rf7+ Ke8 41. Rh7 Rg8 42. Kf2 Ne7 43. Be2 Kd8 44. Nf7+ Kc8 45. Nh6 Rg6 46. Bh5 Rxh6 47. Rxh6 Bxb5 48. Rxe6 Nc6 49. Rd6 Nxd4 50. Rxd5 Ne6 51. Rxb5 Nxf4 52. Bf7 1-0

[Event "Austrian Youth-ch U16 Boys 2024"]
[Site "Leibnitz"]
[Date "2024.03.26"]
[Round "5.1"]
[White "Leitgeb, Julian"]
[Black "Geroe, Leonhard"]
[Result "1-0"]
[ECO "B36"]
[WhiteElo "2130"]
[BlackElo "2094"]
[Annotator "RC"]
[PlyCount "55"]
[EventDate "2024.03.23"]
[EventType "swiss"]
[EventCountry "AUT"]
[SourceTitle "playchess.com"]
[Source "ChessBase"]
[SourceQuality "1"]
[TimeControl "5400+30"]

1. e4 c5 2. Nf3 Nc6 3. d4 cxd4 4. Nxd4 g6 5. c4 Nf6 6. Nc3 Nxd4 7. Qxd4 d6 8. Be2 Bg7 9. Be3 O-O 10. Qd3 a5 11. Bd4 Be6 12. O-O a4 13. f4 Qa5 14. Rab1 Rfc8 15. b3 axb3 16. axb3 Bg4 17. Bxg4 Nxg4 18. h3 Bxd4+ 19. Qxd4 e5 20. Qd2 Qc5+ 21. Kh1 Nf6 22. f5 Qd4 23. Qe1 Nh5 24. Rd1 Qc5 25. Nd5 Rd8 26. Qh4 Qa3 27. g4 Qxb3 28. gxh5 1-0

[Event "Austrian Youth-ch U16 Boys 2024"]
[Site "Leibnitz"]
[Date "2024.03.26"]
[Round "5.2"]
[White "Nguyen, Le Minh Phu"]
[Black "Gruenwald, Simon"]
[Result "1-0"]
[ECO "A06"]
[WhiteElo "2218"]
[BlackElo "2117"]
[Annotator "RC"]
[PlyCount "139"]
[EventDate "2024.03.23"]
[EventType "swiss"]
[EventCountry "AUT"]
[SourceTitle "playchess.com"]
[Source "ChessBase"]
[SourceQuality "1"]
[TimeControl "5400+30"]

1. Nf3 d5 2. e3 Bg4 3. h3 Bxf3 4. Qxf3 Nf6 5. b3 e6 6. Bb2 Be7 7. Be2 O-O 8. d3 c5 9. O-O Nc6 10. c4 Qc7 11. Nc3 Rad8 12. Rfd1 d4 13. Nb5 Qe5 14. exd4 cxd4 15. Bf1 a6 16. Na3 Bd6 17. g3 Qg5 18. Nc2 e5 19. Bg2 Nh5 20. Qg4 Qxg4 21. hxg4 Nf6 22. g5 Nd7 23. Rab1 Rb8 24. Bc1 a5 25. a3 Rfc8 26. b4 b6 27. Bd2 a4 28. f4 Ne7 29. Rf1 g6 30. Rbe1 Re8 31. Bh3 Nf5 32. Bxf5 gxf5 33. fxe5 Nxe5 34. Nxd4 Nxd3 35. Rxe8+ Rxe8 36. Nxf5 Re2 37. Bc3 Be5 38. Rd1 Bxc3 39. Rxd3 Bg7 40. Rd7 Bf8 41. Nh6+ Bxh6 42. gxh6 Kf8 43. Rd8+ Ke7 44. Rh8 Re3 45. Kf2 Rxa3 46. Rxh7 Ra2+ 47. Kf3 Kf6 48. Rh8 Rc2 49. Rb8 Kg6 50. Rxb6+ Kh7 51. c5 a3 52. Rf6 Rc3+ 53. Kg4 Rc4+ 54. Kg5 Rxb4 55. Rxf7+ Kg8 56. Rg7+ Kh8 57. Ra7 Rc4 58. g4 Rxc5+ 59. Kg6 Rc6+ 60. Kh5 Rc3 61. g5 Rc8 62. Rxa3 Rb8 63. Ra7 Rc8 64. Rf7 Ra8 65. Rf5 Kg8 66. g6 Kh8 67. h7 Kg7 68. Rf7+ Kh8 69. Kh6 Ra7 70. g7# 1-0

[Event "Austrian Youth-ch U16 Boys 2024"]
[Site "Leibnitz"]
[Date "2024.03.26"]
[Round "5.3"]
[White "Stickler, Florentin"]
[Black "Standhartinger, Joachim"]
[Result "1-0"]
[ECO "C92"]
[WhiteElo "1885"]
[BlackElo "1930"]
[Annotator "NA RC"]
[PlyCount "155"]
[EventDate "2024.03.23"]
[EventType "swiss"]
[EventCountry "AUT"]
[SourceTitle "playchess.com"]
[Source "ChessBase"]
[SourceQuality "1"]
[TimeControl "5400+30"]

1. e4 e5 2. Nf3 Nc6 3. Bb5 a6 4. Ba4 Nf6 5. O-O Be7 6. Re1 b5 7. Bb3 O-O 8. d4 d6 9. c3 Re8 10. h3 Bf8 11. Bd5 Nxd5 12. exd5 e4 13. Ng5 h6 14. Nxf7 Kxf7 15. dxc6 d5 16. Bf4 Re6 17. f3 Rg6 18. Kf2 Qh4+ 19. g3 Qxh3 20. Rh1 Qf5 21. fxe4 Qxe4 22. Re1 Qf5 23. Re5 Qh3 24. Rh5 Bg4 25. Rxh3 Bxd1 26. Bxc7 Rxc6 27. Be5 Be7 28. Nd2 Bg4 29. Rhh1 Bg5 30. Nf3 Bxf3 31. Kxf3 Kg6 32. Rhf1 Rf8+ 33. Kg2 Rcc8 34. Rxf8 Rxf8 35. a4 Be3 36. axb5 axb5 37. Ra6+ Kh5 38. Bxg7 Rf7 39. Bf6 Bc1 40. Rb6 Bxb2 41. Rxb5 Rxf6 42. Rxb2 Kg4 43. Rf2 Rc6 44. Rf4+ Kg5 45. Rf3 Kg4 46. Re3 Rc7 47. Kf2 Ra7 48. Ke2 h5 49. Kd3 Rc7 50. Re5 Rd7 51. Kc2 Kxg3 52. Rxh5 Kg4 53. Re5 Kf4 54. Kb3 Rb7+ 55. Ka4 Rc7 56. Kb4 Rb7+ 57. Kc5 Rc7+ 58. Kxd5 Rxc3 59. Re8 Kf5 60. Rf8+ Kg6 61. Kd6 Kg7 62. Rf1 Rd3 63. d5 Rd2 64. Kc6 Rc2+ 65. Kd7 Rd2 66. d6 Rd3 67. Ke7 Re3+ 68. Kd8 Rd3 69. d7 Rd2 70. Rf4 Kg6 71. Ke7 Re2+ 72. Kd6 Rd2+ 73. Ke6 Rd1 74. Rf8 Re1+ 75. Kd6 Rd1+ 76. Kc6 Rc1+ 77. Kb5 Rb1+ 78. Ka4 1-0

[Event "Austrian Youth-ch U16 Boys 2024"]
[Site "Leibnitz"]
[Date "2024.03.26"]
[Round "5.4"]
[White "Raber, Eduard"]
[Black "Maier, Tobias"]
[Result "0-1"]
[ECO "D51"]
[WhiteElo "1768"]
[BlackElo "1893"]
[Annotator "NA RC"]
[PlyCount "74"]
[EventDate "2024.03.23"]
[EventType "swiss"]
[EventCountry "AUT"]
[SourceTitle "playchess.com"]
[Source "ChessBase"]
[SourceQuality "1"]
[TimeControl "5400+30"]

1. d4 Nf6 2. c4 e6 3. Nf3 d5 4. Bg5 h6 5. Bh4 c6 6. Nc3 Nbd7 7. e3 Bd6 8. c5 Bc7 9. Be2 O-O 10. O-O Re8 11. b4 a6 12. a4 e5 13. b5 exd4 14. exd4 Nf8 15. b6 Bb8 16. Bd3 Bg4 17. h3 Bh5 18. Be2 Ne6 19. Ne5 Bxe2 20. Nxe2 Nxd4 21. Nxf7 Nxe2+ 22. Qxe2 Kxf7 23. Qd3 Qe7 24. g4 Qe5 25. Bg3 Qe4 26. Qc3 Bxg3 27. Qxg3 Qe5 28. Qf3 d4 29. Rac1 Rad8 30. Rfd1 Kg8 31. Qb3+ Kh8 32. Rd3 Rd5 33. Qc4 Qf4 34. Rcd1 Ne4 35. Rf1 Nd2 36. Qc1 Nf3+ 37. Rxf3 Qxf3 0-1

[Event "Austrian Youth-ch U16 Boys 2024"]
[Site "Leibnitz"]
[Date "2024.03.26"]
[Round "5.5"]
[White "Wu, Chenshan"]
[Black "Guba, Viktor"]
[Result "1-0"]
[ECO "A52"]
[WhiteElo "1815"]
[BlackElo "1892"]
[Annotator "NA RC"]
[PlyCount "103"]
[EventDate "2024.03.23"]
[EventType "swiss"]
[EventCountry "AUT"]
[SourceTitle "playchess.com"]
[Source "ChessBase"]
[SourceQuality "1"]
[TimeControl "5400+30"]

1. d4 Nf6 2. c4 e5 3. dxe5 Ng4 4. Bf4 Nc6 5. Nf3 Bc5 6. e3 Qe7 7. Nc3 Bb4 8. Qc2 Ngxe5 9. Nxe5 Nxe5 10. a3 Bxc3+ 11. Qxc3 f6 12. Be2 d6 13. O-O Bd7 14. Rac1 O-O 15. Rfd1 b6 16. b4 Rfe8 17. c5 bxc5 18. bxc5 Be6 19. cxd6 cxd6 20. e4 Rac8 21. Qb4 Rxc1 22. Bxc1 Rd8 23. a4 Qc7 24. Ba3 Nf7 25. f4 a5 26. Qd4 d5 27. exd5 Rxd5 28. Qe3 Rxd1+ 29. Bxd1 Qd7 30. Bc2 Nh6 31. Qe4 Bf5 32. Bb3+ Nf7 33. Qa8+ Qc8 34. Qxc8+ Bxc8 35. Bc5 g6 36. Bb6 Kf8 37. Bxa5 Nd6 38. Bb4 Ke7 39. Kf2 Kd7 40. Ke3 Bb7 41. g3 g5 42. Bxd6 Kxd6 43. fxg5 fxg5 44. Bc2 h6 45. Be4 Ba6 46. Kf3 Ke5 47. Bc6 Kf5 48. Bb5 Bb7+ 49. Kf2 h5 50. a5 h4 51. a6 Ba8 52. Bd7+ 1-0